[Event "Titled Tuesday Blitz August 23 Late 2022"]
[White "Mirimanian, Hayk"]
[Black "Tahbaz, Arash"]
[WhiteFideId "4700180"]
[BlackFideId "12528846"]
[WhiteElo "2280"]
[BlackElo "2378"]
[Result "1-0"]
[Round "01"]
[TimeControl "180+1"]
[Date "2022.08.23"]
[WhiteClock "0:00:18"]
[BlackClock "0:00:14"]

1. d4 Nf6 2. c4 e6 3. Nc3 Bb4 4. e3 b6 5. Ne2 Bb7 6. a3 Be7 7. d5 O-O 8. e4 e5 9. Ng3 a5 10. Be2 Re8 11. O-O Na6 12. Be3 Bc5 13. Bd2 Bd4 14. Qc2 Nc5 15. Nb5 c6 16. Nd6 Rf8 17. Rab1 a4 18. Ngf5 Ne8 19. Nxe8 Qxe8 20. Bb4 Ba6 21. Rbd1 Qb8 22. Nxd4 exd4 23. Rxd4 Re8 24. f4 Qa7 25. Bxc5 bxc5 26. Rd2 Qb6 27. e5 Qa5 28. Bf3 Rac8 29. Rfd1 g6 30. Bg4 Rc7 31. dxc6 dxc6 32. Rd6 Qb6 33. e6 f6 34. Qc3 Rf8 35. Rd7 Rxd7 36. Rxd7 Qb8 37. e7 Re8 38. Qxf6 Qxb2 39. Be6# 1-0


[Site "https://www.chess.com"]

[Event "Titled Tuesday Blitz August 23 Late 2022"]
[White "Moroni, Luca Jr"]
[Black "Rodrigues, Bruno Morado"]
[WhiteFideId "865834"]
[BlackFideId "2115654"]
[WhiteElo "2573"]
[BlackElo "2040"]
[Result "1-0"]
[Round "01"]
[TimeControl "180+1"]
[Date "2022.08.23"]
[WhiteClock "0:00:04"]
[BlackClock "0:00:08"]

1. d4 d5 2. Bf4 Nf6 3. e3 Bf5 4. c4 e6 5. Nc3 Bd6 6. Bxd6 Qxd6 7. Nf3 Nc6 8. c5 Qe7 9. Bb5 O-O 10. Bxc6 bxc6 11. Ne5 Qe8 12. Qa4 Ne4 13. Nxe4 Bxe4 14. f3 Bg6 15. Qxc6 Qb8 16. O-O Qxb2 17. Qxc7 a5 18. Nxg6 hxg6 19. Rfb1 Qc3 20. Qf4 a4 21. Rc1 Qb2 22. a3 Rab8 23. c6 Qd2 24. c7 Rb2 25. Qg5 Rc8 26. h3 f6 27. Qxg6 Qxe3+ 28. Kh1 Qxd4 29. Qg3 e5 30. Qg6 Rb7 31. Rab1 Qa7 32. Qd3 Rxb1 33. Qxd5+ Kh8 34. Rxb1 Qxc7 35. Qe4 Qc2 36. Qh4+ Kg8 37. Rb7 Qc1+ 38. Kh2 Qf4+ 39. Qxf4 exf4 40. Rb4 Ra8 41. Rxf4 Kf7 42. Rb4 Ke6 43. Kg3 g5 44. Kg4 Ra5 45. Rb6+ Kf7 46. g3 Kg6 47. f4 gxf4 48. gxf4 Kf7 49. f5 Rc5 50. Rb7+ Kf8 51. h4 Rc3 52. Kh5 Rxa3 53. Kg6 Rb3 54. Ra7 Rh3 55. Kxf6 Ke8 56. Rxa4 Kd7 57. Kf7 Kd6 58. f6 Rf3 59. Ra6+ Ke5 60. h5 Rh3 61. Ke7 Rxh5 62. Ra5+ 1-0


[Site "https://www.chess.com"]

[Event "Titled Tuesday Blitz August 23 Late 2022"]
[White "Naroditsky, Daniel"]
[Black "Ferreira, Vitor Hugo Vieira"]
[WhiteFideId "2026961"]
[BlackFideId "2119765"]
[WhiteElo "2628"]
[BlackElo "2168"]
[Result "1-0"]
[Round "01"]
[TimeControl "180+1"]
[Date "2022.08.23"]
[WhiteClock "0:00:50"]
[BlackClock "0:00:17"]

1. c4 c6 2. Nf3 d5 3. d4 Nf6 4. Nc3 e6 5. g3 Be7 6. Bg2 O-O 7. O-O b6 8. Bf4 Bb7 9. Qd3 dxc4 10. Qxc4 b5 11. Qd3 a6 12. Ne5 Nd5 13. Nxd5 cxd5 14. Rac1 Qb6 15. e4 dxe4 16. Bxe4 Bxe4 17. Qxe4 Ra7 18. d5 exd5 19. Qxd5 Qb7 20. Qb3 Bf6 21. Rfe1 Bxe5 22. Rxe5 Nc6 23. Re4 Na5 24. Qd3 Nc4 25. b3 Nb6 26. Bd6 Rd8 27. Qe3 Raa8 28. Re7 Nd5 29. Qe4 Qb6 30. Qxd5 Qxd6 31. Qxf7+ 1-0


[Site "https://www.chess.com"]

[Event "Titled Tuesday Blitz August 23 Late 2022"]
[White "Paravyan, David"]
[Black "Graif, William"]
[WhiteFideId "4194985"]
[BlackFideId "2609835"]
[WhiteElo "2569"]
[BlackElo "1942"]
[Result "1/2-1/2"]
[Round "01"]
[TimeControl "180+1"]
[Date "2022.08.23"]
[WhiteClock "0:00:42"]
[BlackClock "0:00:32"]

1. e4 e5 2. Nf3 Bc5 3. Nxe5 Nc6 4. Nxc6 dxc6 5. c3 Qh4 6. d4 Qxe4+ 7. Be3 Bd6 8. Nd2 Qe7 9. Nc4 Bf4 10. Be2 Bxe3 11. Nxe3 Nf6 12. O-O O-O 13. Bf3 Be6 14. Re1 Rad8 15. Qa4 a6 16. Rad1 Qd7 17. a3 Rfe8 18. h3 Nd5 19. Qc2 Re7 20. Nxd5 Bxd5 21. Bxd5 cxd5 22. Rxe7 Qxe7 23. Rd3 Qe1+ 24. Kh2 Re8 25. Rf3 c6 26. Qf5 Qe6 27. Qf4 h6 28. Qc7 Qe7 29. Qf4 Qe6 30. Re3 Qd7 31. Rxe8+ Qxe8 32. Qc7 Qe4 33. f3 Qe3 34. Qxb7 Qf4+ 35. Kg1 Qc1+ 36. Kf2 Qd2+ 37. Kg3 Qg5+ 38. Kh2 Qf4+ 39. Kg1 Qc1+ 40. Kf2 Qd2+ 41. Kf1 Qd1+ 42. Kf2 Qd2+ 1/2-1/2


[Site "https://www.chess.com"]

[Event "Titled Tuesday Blitz August 23 Late 2022"]
[White "Petrovic, Aleksa"]
[Black "Nakamura, Hikaru"]
[WhiteFideId "967629"]
[BlackFideId "2016192"]
[WhiteElo "2262"]
[BlackElo "2850"]
[Result "1/2-1/2"]
[Round "01"]
[TimeControl "180+1"]
[Date "2022.08.23"]
[WhiteClock "0:00:08"]
[BlackClock "0:01:03"]

1. d4 g6 2. c4 Bg7 3. e4 d6 4. Nc3 Nc6 5. Be3 e5 6. Nge2 Nf6 7. f3 exd4 8. Nxd4 O-O 9. Qd2 a6 10. Be2 Ne5 11. O-O c5 12. Nc2 Be6 13. b3 Qa5 14. Rfd1 Rfd8 15. Nd5 Qxd2 16. Nxf6+ Bxf6 17. Rxd2 b5 18. cxb5 axb5 19. Bxb5 c4 20. Bd4 cxb3 21. axb3 Bxb3 22. Rxa8 Rxa8 23. Ne3 Bg5 24. Kf2 Be6 25. Bxe5 dxe5 26. Re2 Ra3 27. Nd5 Bd8 28. Rc2 Kg7 29. Bc4 Ra8 30. Ne3 Bd7 31. Bd5 Rb8 32. Nc4 Bc7 33. Rb2 Bb5 34. Na3 Bd7 35. Rxb8 Bxb8 36. Nc4 Ba7+ 37. Ke2 Bb5 38. Ke1 f6 39. Nd6 Bd7 40. Ke2 Bc5 41. Nc4 Bb5 42. g3 f5 43. exf5 gxf5 44. Kd2 Kf6 45. Bg8 h6 46. Ne3 Bc6 47. Ke2 h5 48. Bd5 Bd7 49. h3 f4 50. gxf4 exf4 51. Ng2 Ke5 52. Bf7 Bxh3 53. Nxf4 Kxf4 54. Bxh5 Bd7 55. Bf7 Bb5+ 56. Kd2 Ke5 57. f4+ Kd4 58. Bb3 Bd3 59. Bc2 Bb4+ 60. Kd1 Bc4 61. f5 Ke3 62. Kc1 Ba3+ 63. Kb1 Be7 64. f6 Bxf6 65. Bh7 Kd2 66. Bg6 Kc3 67. Kc1 Be2 68. Bc2 Bg5+ 69. Kb1 Bc4 70. Bh7 Bf4 71. Bg6 Bd2 72. Bh7 Bb3 73. Bg6 Kb4 74. Bh7 Bf7 75. Bf5 Kc3 76. Bh7 Be6 77. Bg6 Kb3 78. Bh7 Bc3 79. Bg6 Bb2 80. Bc2+ Kc3 81. Bh7 Bb3 82. Bg6 Bd5 83. Bh7 Kb3 84. Bg6 Ka3 85. Bh7 Bb3 86. Bg6 Bg8 87. Bf5 Kb3 88. Bc2+ Kc3 89. Bg6 Bd5 90. Bh7 Ba3 91. Bg6 Bc5 92. Bh7 Be3 93. Bg6 Bg8 94. Bf5 Bf7 95. Bh7 Kb3 96. Bc2+ Ka3 97. Bf5 Bb3 98. Bg6 Bg5 99. Bh7 Bf6 100. Bg6 Kb4 101. Bh7 Kc3 102. Bg6 Bg8 103. Bf5 Bg5 104. Bg6 Be6 105. Bh7 Kd2 106. Bg6 Bf6 107. Bh7 Bf7 108. Bf5 Kc3 109. Be4 Be6 110. Bg6 Bg5 111. Bh7 Bc4 112. Bg6 Be2 113. Bh7 Bh5 114. Bf5 Kb3 1/2-1/2


[Site "https://www.chess.com"]

[Event "Titled Tuesday Blitz August 23 Late 2022"]
[White "Postnikov, Daniil"]
[Black "Wirig, Anthony"]
[WhiteFideId "4166329"]
[BlackFideId "615013"]
[WhiteElo "2261"]
[BlackElo "2474"]
[Result "1-0"]
[Round "01"]
[TimeControl "180+1"]
[Date "2022.08.23"]
[WhiteClock "0:00:24"]
[BlackClock "0:00:25"]

1. e4 c5 2. a3 g6 3. h4 h5 4. Bc4 Nc6 5. Nc3 Bg7 6. Nf3 d6 7. Ng5 e6 8. d3 a6 9. Ba2 Nh6 10. Ne2 Qe7 11. Nf4 Bd7 12. O-O Ng4 13. c3 b5 14. f3 Nge5 15. Be3 O-O 16. Qe2 Rac8 17. Rad1 c4 18. d4 Nd3 19. Nxd3 cxd3 20. Rxd3 Na5 21. Bc1 Nc4 22. f4 f6 23. Nf3 Kh7 24. Ne1 Qf7 25. Bb1 Kg8 26. Rg3 f5 27. Nf3 Kh8 28. Ng5 Qe8 29. Qd1 Bh6 30. Re1 Bxg5 31. Rxg5 Qf7 32. d5 Rce8 33. dxe6 Bxe6 34. exf5 Bxf5 35. Rxe8 Qxe8 36. Bxf5 Rxf5 37. Rxf5 gxf5 38. b3 Na5 39. Kh2 Qf7 40. Qxd6 Nxb3 41. Be3 Kh7 42. Qxa6 Qe7 43. Bf2 Nd2 44. Qxb5 Qf6 45. Qd7+ Kg6 46. Qxd2 Qc6 47. Qd4 Qe6 48. Qb6 1-0


[Site "https://www.chess.com"]

[Event "Titled Tuesday Blitz August 23 Late 2022"]
[White "Przybylski, Wojciech"]
[Black "Abdrlauf, Elham"]
[WhiteFideId "1117599"]
[BlackFideId "1533533"]
[WhiteElo "2133"]
[BlackElo "2430"]
[Result "0-1"]
[Round "01"]
[TimeControl "180+1"]
[Date "2022.08.23"]
[WhiteClock "0:00:07"]
[BlackClock "0:01:57"]

1. e4 c6 2. Nc3 d5 3. Nf3 dxe4 4. Nxe4 Nf6 5. Nxf6+ exf6 6. g3 Bd6 7. Bg2 O-O 8. O-O Be6 9. b3 Nd7 10. Bb2 Re8 11. d4 Nf8 12. c4 Qd7 13. Qd2 Ng6 14. Rad1 Bh3 15. Rfe1 Bxg2 16. Kxg2 Nf4+ 17. Kh1 Qh3 18. Nh4 g5 19. Rxe8+ Rxe8 20. Re1 Re2 21. Qxe2 Nxe2 22. Ng2 Nxg3+ 23. fxg3 Bxg3 24. Re8+ Kg7 25. Kg1 Qxh2+ 26. Kf1 Qh1+ 27. Ke2 Qxg2+ 28. Kd3 Qxb2 29. Rg8+ Kxg8 0-1


[Site "https://www.chess.com"]

[Event "Titled Tuesday Blitz August 23 Late 2022"]
[White "Putnam, Liam"]
[Black "Andreikin, Dmitry"]
[WhiteFideId "30938279"]
[BlackFideId "4158814"]
[WhiteElo "2035"]
[BlackElo "2736"]
[Result "0-1"]
[Round "01"]
[TimeControl "180+1"]
[Date "2022.08.23"]
[WhiteClock "0:00:01"]
[BlackClock "0:00:41"]

1. e4 c5 2. c3 e6 3. d4 d5 4. exd5 Qxd5 5. Nf3 Nf6 6. Na3 Qd8 7. Nc4 Nc6 8. Be3 cxd4 9. Nxd4 Nd5 10. Nxc6 bxc6 11. Bd4 Bb7 12. Qb3 Qd7 13. Na5 Nb6 14. Bxb6 axb6 15. Qxb6 Rxa5 16. Qxa5 Be7 17. Rd1 Qc8 18. Bc4 O-O 19. O-O c5 20. Qb6 h5 21. Bb5 Qa8 22. Rd7 Bxg2 23. Rxe7 Bxf1 24. Bxf1 Qxa2 25. Rd7 Qb1 26. Qb5 Qg6+ 27. Bg2 Qb1+ 28. Bf1 Qg6+ 29. Kh1 Qe4+ 30. Bg2 Qb1+ 31. Qf1 Qxb2 32. Qd3 Qxf2 33. Rd8 g6 34. Rxf8+ Kxf8 35. h3 Kg7 36. Kh2 h4 37. Qf3 Qxf3 38. Bxf3 f5 39. Kg2 Kf6 40. Kf2 e5 41. Bc6 e4 42. Ke3 Ke5 43. Bd7 g5 44. Bc8 f4+ 45. Ke2 Kd5 46. Ba6 Ke5 47. Bc8 Kd5 48. Bb7+ Kc4 49. Bxe4 Kxc3 50. Kf3 Kd2 51. Kg4 c4 52. Kxg5 Ke3 53. Bg2 c3 54. Kg4 c2 0-1


[Site "https://www.chess.com"]

[Event "Titled Tuesday Blitz August 23 Late 2022"]
[White "Rama, Tejas"]
[Black "Sjugirov, Sanan"]
[WhiteFideId "30907381"]
[BlackFideId "4189302"]
[WhiteElo "1430"]
[BlackElo "2609"]
[Result "0-1"]
[Round "01"]
[TimeControl "180+1"]
[Date "2022.08.23"]
[WhiteClock "0:00:01"]
[BlackClock "0:00:43"]

1. d4 Nf6 2. c4 e6 3. Nf3 b6 4. g3 Bb7 5. Bg2 Bb4+ 6. Bd2 c5 7. d5 exd5 8. Nh4 O-O 9. Nc3 Re8 10. cxd5 d6 11. O-O Ba6 12. Re1 Nbd7 13. a3 Bxc3 14. bxc3 Ne5 15. Qa4 Bc8 16. f4 Bd7 17. Qb3 Ng6 18. Nxg6 hxg6 19. e4 Qc7 20. c4 a6 21. a4 Rab8 22. Bc3 b5 23. axb5 axb5 24. e5 Ng4 25. h3 Nh6 26. exd6 Qb6 27. Re7 Red8 28. Qb2 Nf5 29. Ree1 b4 30. Be5 f6 31. g4 Nd4 32. Bxd4 cxd4 33. Re7 Qxd6 34. Re2 Qc5 35. Rd2 d3+ 36. Kh1 Qe3 37. Rad1 Qxf4 38. c5 Ba4 39. Ra1 Bc2 40. Rf1 Qxd2 0-1


[Site "https://www.chess.com"]

[Event "Titled Tuesday Blitz August 23 Late 2022"]
[White "Salem, A.R. Saleh"]
[Black "Szalay, Karoly"]
[WhiteFideId "9301348"]
[BlackFideId "2600544"]
[WhiteElo "2674"]
[BlackElo "2525"]
[Result "1-0"]
[Round "01"]
[TimeControl "180+1"]
[Date "2022.08.23"]
[WhiteClock "0:00:47"]
[BlackClock "0:00:22"]

1. d4 d5 2. c4 e6 3. Nc3 c6 4. Nf3 Nf6 5. e3 Bd6 6. Bd3 O-O 7. e4 dxe4 8. Nxe4 Nxe4 9. Bxe4 e5 10. dxe5 Bb4+ 11. Bd2 Qb6 12. Qc2 h6 13. O-O Be6 14. Be3 Qc7 15. a3 Be7 16. Rfe1 Nd7 17. Bd4 a5 18. Rad1 Rfd8 19. Bf5 Nf8 20. h3 Rac8 21. Bc3 Ra8 22. Qe4 b5 23. cxb5 cxb5 24. Rc1 Qa7 25. Nd4 Bd5 26. Qg4 b4 27. axb4 axb4 28. Bd2 h5 29. Qf4 g6 30. Bb1 Bxg2 31. Be3 Qb8 32. Kxg2 Rxd4 33. Qxd4 Ne6 34. Qe4 Ra5 35. f4 Ng7 36. Qf3 b3 37. Bf2 Ra4 38. Re4 Ra5 39. Rec4 Kh7 40. Rc8 Qb4 41. Be1 Qa4 42. Bxa5 Qxa5 43. Be4 Qd2+ 44. Qf2 Qb4 45. R8c4 Qb5 46. Rc7 Bh4 47. Qxh4 Qe2+ 48. Qf2 Qxe4+ 49. Kh2 Nf5 50. Rxf7+ Kh6 51. Rxf5 Qxf5 52. Qe3 h4 53. e6 Qd5 54. f5+ g5 55. Re1 Qd6+ 56. Kg2 Qc6+ 57. Qf3 Qc2+ 58. Re2 Qc1 59. e7 1-0


[Site "https://www.chess.com"]

[Event "Titled Tuesday Blitz August 23 Late 2022"]
[White "Sarana, Alexey"]
[Black "Nozdrachev, Leonid"]
[WhiteFideId "24133795"]
[BlackFideId "24113433"]
[WhiteElo "2666"]
[BlackElo "2100"]
[Result "1-0"]
[Round "01"]
[TimeControl "180+1"]
[Date "2022.08.23"]
[WhiteClock "0:00:16"]
[BlackClock "0:00:01"]

1. d4 Nf6 2. c4 e5 3. dxe5 Ng4 4. Bf4 Nc6 5. Nf3 Bb4+ 6. Nc3 Qe7 7. Qd5 f6 8. exf6 Nxf6 9. Qd2 Ne4 10. Qc2 Nxc3 11. bxc3 Qf6 12. Bd2 O-O 13. Rd1 Bc5 14. g3 Ne5 15. Bg2 Nxc4 16. O-O d5 17. Bg5 Qf7 18. e4 c6 19. exd5 Bg4 20. Bf4 Bxf3 21. Bxf3 g5 22. dxc6 Rad8 23. Rxd8 Rxd8 24. c7 Rf8 25. Qd3 Nb6 26. Qb5 Qf5 27. Be3 Bxe3 28. Qxf5 Rxf5 29. fxe3 Rc5 30. Bxb7 Rxc7 31. Be4 Rxc3 32. Re1 Kg7 33. Kf2 Nc4 34. Re2 h6 35. h3 Kf6 36. Bd5 Ne5 37. Rd2 Nd3+ 38. Ke2 Nb4 39. Bb3 Ke5 40. Rd4 a5 41. h4 Nxa2 42. Bxa2 gxh4 43. gxh4 Rc7 44. Rd5+ Ke4 45. Rd4+ Ke5 46. Bb1 Ra7 47. Ra4 Kd5 48. Bd3 Kc5 49. e4 Kb6 50. Ke3 Rg7 51. e5 Rg3+ 52. Kd4 Rg4+ 53. Be4 Rxh4 54. e6 Kc7 55. Ke5 Rh5+ 56. Kf6 Kd6 57. Rd4+ Kc5 58. Rd1 Kb4 59. e7 1-0


[Site "https://www.chess.com"]

[Event "Titled Tuesday Blitz August 23 Late 2022"]
[White "Siniauski, Artsiom"]
[Black "Mitrabha, Guha"]
[WhiteFideId "13512269"]
[BlackFideId "5057000"]
[WhiteElo "2139"]
[BlackElo "2499"]
[Result "0-1"]
[Round "01"]
[TimeControl "180+1"]
[Date "2022.08.23"]
[WhiteClock "0:00:04"]
[BlackClock "0:02:12"]

1. Nf3 d5 2. g3 g6 3. Bg2 Bg7 4. O-O c5 5. d3 Nc6 6. Nbd2 Nf6 7. c3 O-O 8. Re1 e5 9. e4 d4 10. Qc2 h6 11. a3 Be6 12. c4 a6 13. Nf1 Nd7 14. h3 b5 15. b3 Rb8 16. g4 Qb6 17. Bd2 bxc4 18. bxc4 Qb3 19. Rec1 Qxc2 20. Rxc2 Rb3 21. Ne1 Rfb8 22. Bf3 Kh7 23. Bd1 Bf6 24. Rca2 R3b6 25. Ba4 Bg5 26. Nf3 Bxd2 27. N1xd2 f6 28. Kf1 Nf8 29. Bxc6 Rxc6 30. Rb1 Rxb1+ 31. Nxb1 Rb6 32. Nbd2 Bd7 33. Ke2 Ne6 34. Nf1 Nf4+ 35. Kd2 Nxh3 36. a4 Nxf2 37. a5 Rb3 38. Ne1 Nxg4 39. Kc2 Rb4 40. Nd2 Ne3+ 41. Kc1 h5 42. Nc2 Nxc2 43. Kxc2 h4 44. Ra1 h3 45. Rh1 g5 46. Nf1 g4 47. Ng3 Ra4 48. Rf1 Ra2+ 49. Kb3 Rg2 50. Nh5 Kg6 51. Nxf6 Be6 52. Ne8 Kg5 53. Ng7 Bg8 54. Rf5+ Kh4 55. Rh5+ Kg3 56. Nf5+ Kf4 57. Nh4 Rd2 58. Ng6+ Kg3 59. Nxe5 h2 60. Nd7 Rxd3+ 61. Kc2 Rc3+ 62. Kd2 Kg2 63. Nxc5 h1=Q 64. Rxh1 Kxh1 65. e5 g3 66. Nxa6 g2 0-1


[Site "https://www.chess.com"]

[Event "Titled Tuesday Blitz August 23 Late 2022"]
[White "Tari, Aryan"]
[Black "Ingebretsen, Jens E"]
[WhiteFideId "1510045"]
[BlackFideId "1522965"]
[WhiteElo "2612"]
[BlackElo "2036"]
[Result "1-0"]
[Round "01"]
[TimeControl "180+1"]
[Date "2022.08.23"]
[WhiteClock "0:01:09"]
[BlackClock "0:00:04"]

1. Nf3 d5 2. e3 c5 3. d4 Nc6 4. Bb5 e6 5. O-O Nf6 6. c4 cxd4 7. cxd5 exd5 8. exd4 Be7 9. Ne5 Bd7 10. Nc3 O-O 11. h3 h6 12. Bxc6 bxc6 13. Be3 Bd6 14. Rc1 Re8 15. Nxd7 Qxd7 16. Na4 Ne4 17. Rc2 Re6 18. Nc3 Ng3 19. Re1 Nf5 20. Qf3 Nxe3 21. Rxe3 Rxe3 22. Qxe3 Re8 23. Qc1 Re6 24. Re2 Rg6 25. Qe3 Kh7 26. Qd3 h5 27. h4 Kg8 28. g3 Qg4 29. Re3 Bf4 30. Re8+ Kh7 31. Ne2 Bd6 32. Rd8 Bc7 33. Re8 Qd7 34. Re3 Qg4 35. Re7 Bd6 36. Rxf7 Qe6 37. Rf3 Qe4 38. Qxe4 dxe4 39. Re3 Re6 40. Nc3 1-0


[Site "https://www.chess.com"]

[Event "Titled Tuesday Blitz August 23 Late 2022"]
[White "Toncheva, Nadya"]
[Black "Shimanov, Aleksandr"]
[WhiteFideId "2924056"]
[BlackFideId "4198603"]
[WhiteElo "1888"]
[BlackElo "2605"]
[Result "0-1"]
[Round "01"]
[TimeControl "180+1"]
[Date "2022.08.23"]
[WhiteClock "0:00:14"]
[BlackClock "0:01:50"]

1. e4 d5 2. exd5 Qxd5 3. Nc3 Qe5+ 4. Be2 Bg4 5. d4 Bxe2 6. Ngxe2 Qa5 7. O-O Nf6 8. Be3 Nc6 9. a3 O-O-O 10. b4 Qf5 11. Ng3 Qg6 12. d5 e6 13. dxc6 Rxd1 14. cxb7+ Kxb7 15. Rfxd1 Bd6 16. Nb5 Bxg3 17. hxg3 Nd5 18. c4 Nxe3 19. fxe3 a6 20. Nc3 Qxg3 21. Na4 Qxe3+ 22. Kh1 h5 23. Nc5+ Kc8 24. Rd3 Qe5 25. Rad1 h4 26. Nxa6 h3 27. gxh3 g5 28. b5 g4 29. Nb4 Qe4+ 30. Kg1 gxh3 31. Nc6 Qg2# 0-1


[Site "https://www.chess.com"]

[Event "Titled Tuesday Blitz August 23 Late 2022"]
[White "Tristan, Leonardo"]
[Black "Horak, Martin"]
[WhiteFideId "113816"]
[BlackFideId "367095"]
[WhiteElo "2404"]
[BlackElo "1997"]
[Result "0-1"]
[Round "01"]
[TimeControl "180+1"]
[Date "2022.08.23"]
[WhiteClock "0:00:36"]
[BlackClock "0:00:05"]

1. d4 Nf6 2. Bf4 d5 3. e3 c5 4. Nf3 Nc6 5. Nbd2 cxd4 6. exd4 Bg4 7. c3 e6 8. Qb3 Qc8 9. Bd3 Be7 10. O-O O-O 11. Rae1 Bh5 12. Ne5 Bg6 13. Nxg6 hxg6 14. Nf3 Nh5 15. Bc1 Bd6 16. Ne5 Nf6 17. Qd1 Qc7 18. Qe2 Bxe5 19. dxe5 Nd7 20. Bf4 Nc5 21. Bb1 f6 22. Bxg6 fxe5 23. Qh5 Rxf4 24. Qh7+ Kf8 25. Qh8+ Ke7 26. Qxa8 Rf8 27. Qxf8+ Kxf8 28. f4 e4 29. f5 e5 30. f6 gxf6 31. Rxf6+ Kg7 32. Ref1 Nd8 33. Be8 Nd3 34. Rg6+ Kh7 35. Rf5 Nf4 36. Rg4 Qc5+ 37. Kh1 Qf2 38. h3 e3 39. Rxe5 e2 40. Re7+ Kh8 41. Kh2 e1=Q 42. Rxe1 Qxe1 43. Bd7 Qe5 44. Bc8 Nc6 45. h4 Ne2+ 46. Kh3 Ng1# 0-1


[Site "https://www.chess.com"]

[Event "Titled Tuesday Blitz August 23 Late 2022"]
[White "Vasquez Schroeder, Rodrigo"]
[Black "Urbina Perez, Juan Antonio"]
[WhiteFideId "3400042"]
[BlackFideId "2217368"]
[WhiteElo "2567"]
[BlackElo "2192"]
[Result "1-0"]
[Round "01"]
[TimeControl "180+1"]
[Date "2022.08.23"]
[WhiteClock "0:01:12"]
[BlackClock "0:00:10"]

1. e4 e5 2. Nf3 Nf6 3. d4 Nxe4 4. Bd3 d5 5. Nxe5 Bd6 6. O-O O-O 7. Nc3 Nxc3 8. bxc3 Nd7 9. Re1 Nxe5 10. dxe5 Bc5 11. Qh5 g6 12. Qh6 Re8 13. Bg5 Be7 14. Bf6 Bf8 15. Qh4 Qd7 16. h3 c5 17. c4 d4 18. a4 Qc7 19. a5 Be6 20. Re4 Bf5 21. Rf4 Bxd3 22. cxd3 Re6 23. Qg5 Bg7 24. Rh4 Bxf6 25. exf6 Qe5 26. Qh6 Qxf6 27. Qxh7+ Kf8 28. Qh8+ Ke7 29. Qxa8 Qxh4 30. Qxb7+ Kf6 31. Qxa7 Re2 32. Rf1 Qg5 33. a6 Kg7 34. Qb8 Qd2 35. a7 Re1 36. Rxe1 Qxe1+ 37. Kh2 1-0


[Site "https://www.chess.com"]

[Event "Titled Tuesday Blitz August 23 Late 2022"]
[White "Yanchenko, Roman"]
[Black "Arencibia Monduy, Antonio"]
[WhiteFideId "4137329"]
[BlackFideId "3507939"]
[WhiteElo "2514"]
[BlackElo "2497"]
[Result "1-0"]
[Round "01"]
[TimeControl "180+1"]
[Date "2022.08.23"]
[WhiteClock "0:00:29"]
[BlackClock "0:00:02"]

1. d4 Nf6 2. c4 e6 3. Nf3 d5 4. Nc3 Be7 5. Bg5 O-O 6. e3 Ne4 7. Bxe7 Qxe7 8. cxd5 exd5 9. Nxd5 Qd6 10. Nc3 Nxc3 11. bxc3 c5 12. Bd3 cxd4 13. cxd4 Nc6 14. h3 Nb4 15. Bb1 Bd7 16. O-O Rac8 17. Ne5 Be6 18. a3 Nd5 19. Qh5 g6 20. Qh6 Nc3 21. Bd3 Qe7 22. Nf3 f6 23. Rfc1 a6 24. Nd2 Bf5 25. Bf1 g5 26. Kh1 b5 27. Kg1 a5 28. Nb3 b4 29. axb4 axb4 30. Nc5 Rc7 31. Ra6 Kh8 32. Rca1 Qg7 33. Qxg7+ Rxg7 34. Bc4 Rb8 35. Rxf6 Bg6 36. Rfa6 Bf7 37. Ra8 Rgg8 38. Rxb8 Bxc4 39. Rxb4 Bd5 40. f3 Re8 41. e4 Bf7 42. Rb7 Ne2+ 43. Kf2 Nxd4 44. Rxf7 Rc8 45. Raa7 1-0


[Site "https://www.chess.com"]

[Event "Titled Tuesday Blitz August 23 Late 2022"]
[White "Zhigalko, Sergei"]
[Black "Can, Melih Kaan"]
[WhiteFideId "13502956"]
[BlackFideId "6317383"]
[WhiteElo "2662"]
[BlackElo "2049"]
[Result "1-0"]
[Round "01"]
[TimeControl "180+1"]
[Date "2022.08.23"]
[WhiteClock "0:01:16"]
[BlackClock "0:00:33"]

1. e4 e5 2. Nf3 Nc6 3. Bc4 Nf6 4. d3 Be7 5. O-O O-O 6. Nbd2 d6 7. c3 Kh8 8. Re1 Ng4 9. h3 Nh6 10. d4 f5 11. dxe5 fxe4 12. Nxe4 Rxf3 13. exd6 Ne5 14. dxe7 Qxe7 15. gxf3 Bxh3 16. Ng5 Qf6 17. Rxe5 Qxe5 18. Nxh3 Qh5 19. Bxh6 Qxh6 20. Kh2 Rf8 21. Qd4 c5 22. Qxc5 Qf6 23. f4 1-0


[Site "https://www.chess.com"]

[Event "Titled Tuesday Blitz August 23 Late 2022"]
[White "Abdrlauf, Elham"]
[Black "Ezat, Mohamed"]
[WhiteFideId "1533533"]
[BlackFideId "10600906"]
[WhiteElo "2430"]
[BlackElo "2386"]
[Result "1-0"]
[Round "02"]
[TimeControl "180+1"]
[Date "2022.08.23"]
[WhiteClock "0:00:28"]
[BlackClock "0:00:09"]

1. e4 c6 2. d4 d5 3. Nc3 b5 4. a3 a6 5. Nf3 Bg4 6. Be2 e6 7. O-O Nd7 8. h3 Bh5 9. Re1 Bd6 10. exd5 cxd5 11. Ne5 Bxe2 12. Qxe2 Ngf6 13. Nxf7 Kxf7 14. Qxe6+ Kg6 15. Qxd6 Re8 16. Bf4 Qb6 17. Qxb6 Nxb6 18. Be5 Nfd7 19. Bc7 Rac8 20. Bxb6 Nxb6 21. Kf1 Kf7 22. Rxe8 Kxe8 23. Ke2 Kd7 24. Kd3 Kd6 25. b3 Rf8 26. f3 Re8 27. Kd2 Rf8 28. Re1 Rf4 29. Ne2 Rf7 30. Nc1 Rf4 31. Nd3 Rf6 32. Nc5 Rg6 33. g4 Rh6 34. f4 a5 35. Re3 a4 36. Kc3 axb3 37. cxb3 Rf6 38. f5 g6 39. Kb4 gxf5 40. gxf5 Na8 41. Re6+ Rxe6 42. fxe6 Nc7 43. Ka5 Kc6 44. e7 Ne8 45. Nd3 Nc7 46. Ne5+ Kd6 47. Kb6 Ne8 48. Kxb5 Kxe7 49. Kc6 Ke6 50. b4 Nd6 51. b5 Nc4 52. b6 Na5+ 53. Kc7 Kf5 54. b7 Nxb7 55. Kxb7 Ke4 56. Nc6 Kd3 57. a4 Kc4 58. a5 Kb5 59. a6 Kc4 60. a7 Kd3 61. a8=Q Ke3 62. Qh8 h5 63. Qxh5 Kf4 64. Qe5+ Kf3 65. Qxd5+ Kg3 66. Qg5+ Kxh3 67. Ne5 Kh2 68. Nf3+ Kh3 69. Ne1 Kh2 70. Qg2# 1-0


[Site "https://www.chess.com"]

[Event "Titled Tuesday Blitz August 23 Late 2022"]
[White "Aldokhin, Ivan"]
[Black "Caruana, Fabiano"]
[WhiteFideId "24115720"]
[BlackFideId "2020009"]
[WhiteElo "2246"]
[BlackElo "2847"]
[Result "0-1"]
[Round "02"]
[TimeControl "180+1"]
[Date "2022.08.23"]
[WhiteClock "0:00:01"]
[BlackClock "0:00:42"]

1. e4 e5 2. Nf3 Nc6 3. Bb5 Nf6 4. O-O Nxe4 5. Re1 Nd6 6. Bxc6 dxc6 7. Nxe5 Be7 8. b3 O-O 9. Bb2 f6 10. Nc4 Nxc4 11. bxc4 Re8 12. Nc3 Bf5 13. d3 Qd7 14. Qf3 Bg4 15. Qg3 Bd6 16. Qh4 Be5 17. h3 Bf5 18. Na4 g5 19. Qh6 Bxb2 20. Nxb2 Qd4 21. Na4 b5 22. c3 Qxd3 23. Qxf6 bxa4 24. Qxg5+ Bg6 25. h4 Qf5 26. Qg3 Rad8 27. Qxc7 Rf8 28. Qg3 Rd3 29. Re3 Rxe3 30. Qxe3 Qf4 31. Qxa7 Qxc4 32. Re1 Qxc3 33. Re7 Qa1+ 34. Kh2 Qf6 35. h5 Bf7 36. f3 Rd8 37. Qe3 Qh4+ 38. Kg1 Rd1+ 0-1


[Site "https://www.chess.com"]

[Event "Titled Tuesday Blitz August 23 Late 2022"]
[White "Andreikin, Dmitry"]
[Black "Adewumi, Tanitoluwa"]
[WhiteFideId "4158814"]
[BlackFideId "30966396"]
[WhiteElo "2736"]
[BlackElo "2659"]
[Result "1-0"]
[Round "02"]
[TimeControl "180+1"]
[Date "2022.08.23"]
[WhiteClock "0:01:36"]
[BlackClock "0:00:08"]

1. Nf3 d5 2. g3 Nf6 3. Bg2 Bf5 4. O-O e6 5. d3 c6 6. Nbd2 Nbd7 7. Qe1 Bg6 8. e4 Qc7 9. h3 Bc5 10. e5 Ng8 11. d4 Bb6 12. Qd1 c5 13. c4 Ne7 14. b3 cxd4 15. Ba3 Bc5 16. Qc1 dxc4 17. Nxc4 O-O 18. Nxd4 Bxd4 19. Bxe7 Bxa1 20. Qxa1 Nb6 21. Bd6 Qd7 22. Nxb6 axb6 23. Bxf8 Rxf8 24. Rd1 Qb5 25. Bxb7 h6 26. Qd4 Qe2 27. a4 Bc2 28. Rd2 Qe1+ 29. Kg2 Bxb3 30. Bc6 Rc8 31. Be4 g6 32. h4 Rc1 33. Qd8+ Kh7 34. Bxg6+ Kxg6 35. Qf6+ Kh5 36. Qxf7+ Kg4 37. f3# 1-0


[Site "https://www.chess.com"]